 Dungeon Crawl Stone Soup version 0.30.0-30-g96aa6591b8 (webtiles) character file.

Game seed: 7649754852896432160

3614 Dadbod the Thaumaturge (level 10, -5/67 HPs)
             Began as a Djinni Fire Elementalist on June 30, 2023.
             Was a Follower of Makhleb.
             Hit by a large rock thrown by a cyclops (30 damage)
             ... on level 8 of the Dungeon.
             The game lasted 00:30:01 (7158 turns).

Dadbod the Thaumaturge (Djinni Fire Elementalist)   Turns: 7158, Time: 00:30:02

Health: -5/67      AC:  5    Str:  7    XL:     10   Next: 32%
Gold:   421        EV: 14    Int: 20    God:    Makhleb [*.....] SH:  0 Dex: 17

rFire   + + +        l - +2 dagger of Fear {flame, rC+ Dex+2}
rCold   . . .        (no shield)
rNeg    . . .        j - +1 animal skin
rPois   ∞            k - +0 helmet
rElec   .            (no cloak)
rCorr   .            p - +0 pair of gloves
SInv    .            (boots unavailable)
Will    +....        (no amulet)
Stlth   +++          f - ring of protection from cold
HPRegen 0.31/turn    n - ring of fire
MPRegen 0.00/turn

%: infuse magic (-6 HP)
@: flying
A: sickness immunity, fire resistance 2, cold vulnerability 1, float, innate
caster, HP casting, extra vitality 1
a: Renounce Religion


You were on level 8 of the Dungeon.
You worshipped Makhleb.
Makhleb was aware of your devotion.
You visited 2 branches of the dungeon, and saw 9 of its levels.

You collected 421 gold pieces.

Inventory:

Hand Weapons
 l - the +2 dagger of Fear (weapon) {flame, rC+ Dex+2}
   (You found it on level 2 of the Dungeon)

   Dex:       It affects your dexterity (+2).
   rC:        It protects you from cold.
Armour
 j - a +1 animal skin (worn)
 k - a +0 helmet (worn)
 p - a +0 pair of gloves (worn)
Magical Staves
 b - a staff of cold
Jewellery
 f - a ring of protection from cold (left hand)
 n - a ring of fire (right hand)
 t - a ring of fire
Wands
 u - a wand of roots (18)
Scrolls
 a - a scroll of butterflies
 c - a scroll of torment {unknown}
 g - 2 scrolls of magic mapping {unknown}
 o - 2 scrolls of fog {unknown}
 q - 2 scrolls of vulnerability {unknown}
 v - a scroll of blinking {unknown}
Potions
 d - 2 potions of haste
 e - a potion of mutation
 h - a potion of cancellation
 i - 2 potions of attraction
 m - 2 potions of brilliance
 r - 4 potions of curing
 s - 2 potions of berserk rage {unknown}


   Skills:
 * Level 3.2 Fighting
 * Level 3.4 Armour
 * Level 4.8 Dodging
 * Level 4.0 Stealth
 * Level 9.3 Spellcasting
 * Level 2.3 Invocations


You knew the following spells:

 Your Spells              Type           Power      Damage    Failure   Level
a - Foxfire               Conj/Fire      100%       2x1d9     1%          1
b - Scorch                Fire           100%       2d9       1%          2
c - Volatile Blastmotes   Fire/Tloc      100%       2d18      1%          3
d - Inner Flame           Hex/Fire       63%        N/A       1%          3
e - Flame Wave            Conj/Fire      63%        2d15      1%          4
f - Magic Dart            Conj           100%       1d8       1%          1
g - Lesser Beckoning      Tloc           92%        N/A       1%          2
h - Summon Guardian Gole  Hex/Summ       46%        N/A       1%          3
i - Iskenderun's Mystic   Conj/Tloc      46%        2d10      1%          4
Your spell library was empty.

Dungeon Overview and Level Annotations

Branches:
Dungeon (8/15)             Temple (1/1) D:5
   Lair: D:8-11

Altars:
Ashenzari
Cheibriados
Dithmenos
Fedhas
Makhleb
Nemelex Xobeh
Qazlal
Uskayaw
Wu Jian
Yredelemnul
Zin


Innate Abilities, Weirdness & Mutations

You are immune to sickness and miasma.
You are immune to poison.
Your flesh is very heat resistant. (rF++)
You are vulnerable to cold. (rC-)
You float through the air rather than walking.
You learn spells naturally, not from books.
Your magical power is your life essence.
You have superior vitality. (+4 MHP)


Message History

A cyclops comes into view.
You see here a scroll labelled KERROFF KYMYF.
The yak is engulfed in blazing flames.
Flame seeps out of the yak.
Joseph is engulfed in blazing flames.
Casting: Inner Flame (safe; 1% risk of failure)
Confirm with . or Enter, or press ? or * to list all spells.
Casting: Flame Wave (dangerous; 1% risk of failure)
Press: ? - help, Dir - look around, f - activate You feel a surge of power!
A wave of flame ripples out!
The flame wave engulfs the yak!
Flame seeps out of the yak.
The yak is almost dead. (Press . to intensify the flame waves.)
You hear a shout!
The yak is engulfed in blazing flames.
Makhleb accepts your kill.
The yak explodes!
The fiery explosion engulfs Joseph!!
Joseph is heavily wounded.
The fiery explosion engulfs you! You resist.
Joseph is engulfed in blazing flames.
Joseph unwields a +4 quarterstaff of draining.
Joseph wields a +0 sling.
Joseph shoots a sling bullet.
The sling bullet barely misses you.
Unknown command.
Unknown command.
Unknown command.
Unknown command.
You are engulfed in blazing flames.
You resist.
Joseph is engulfed in blazing flames.
Joseph shoots a sling bullet.
The sling bullet misses you.
Joseph is engulfed in blazing flames.
Joseph shoots a sling bullet.
The sling bullet hits you!!
Joseph is engulfed in blazing flames.
You kill Joseph!
Makhleb accepts your kill.
Your Stealth skill increases to level 4!
There is a fountain of sparkling water here.
The cyclops shouts!
The cyclops throws a large rock.
The large rock hits you!!
You die...

### #.... #...... ##
....... ... ##.......
.... ##........
....##########⌠.⌠......
....†.......<@._.......
...#)C?######⌠.⌠......
#...# ###...).... #...#
##.......#..
#...####..#.###....
##..##...##.# ..#
#........#.# .#
#...####.#.# #.### .#.#


You could see a cyclops.

Vanquished Creatures
  Joseph (D:8)
  Grinder (D:4)
  3 yaks (D:8)
  A black bear (D:7)
  3 orc warriors (D:7)
  2 ice beasts
  2 ogres
  A centaur (D:6)
  4 phantoms (D:4)
  A bullfrog (D:7)
  2 scorpions
  3 wights (D:7)
  2 howler monkeys
  A bullfrog zombie (D:4)
  2 jellies (D:6)
  3 hounds
  A bullfrog skeleton (D:4)
  7 orc priests
  Terence (D:3)
  Natasha (thrice) (D:4)
  5 iguanas
  6 orc wizards
  2 sleepcaps (D:5)
  2 scorpion zombies (D:4)
  2 hound zombies (D:4)
  Robin (D:2)
  7 adders
  2 shadow imps
  A white imp (D:6)
  2 adder zombies (D:4)
  2 worms
  3 dart slugs
  32 orcs
  7 ball pythons
  2 endoplasms
  3 giant cockroaches
  15 goblins
  17 hobgoblins
  2 jackals (D:2)
  9 kobolds
  2 quokkas
  4 bats
  4 frilled lizards
  5 rats
181 creatures vanquished.

Vanquished Creatures (others)
  434 foxfires
434 creatures vanquished.

Grand Total: 615 creatures vanquished

Notes
Turn   | Place    | Note
-------+----------+-------------------------------------------
     0 | D:1      | Dadbod the Djinni Fire Elementalist began the quest for the
                  | Orb.
     0 | D:1      | Dadbod set off with the following spells memorised:
                  | Foxfire, Scorch, Volatile Blastmotes, Inner Flame, Flame
                  | Wave.
     0 | D:1      | Reached XP level 1. HP: 15/15 MP: 0/0
    47 | D:1      | Reached XP level 2. HP: 20/21 MP: 0/0
   247 | D:1      | Reached skill level 3 in Spellcasting
   276 | D:1      | Reached XP level 3. HP: 24/25 MP: 0/0
   276 | D:1      | Learned a level 1 spell: Magic Dart
   738 | D:2      | Reached XP level 4. HP: 23/31 MP: 0/0
  1165 | D:2      | Noticed Robin
  1168 | D:2      | Killed Robin
  1252 | D:2      | Identified the +2 dagger of Fear {flame, rC+ Dex+2}
  1356 | D:3      | Reached XP level 5. HP: 31/35 MP: 0/0
  1356 | D:3      | Learned a level 2 spell: Lesser Beckoning
  1412 | D:3      | Noticed Terence
  1422 | D:3      | Killed Terence
  1423 | D:3      | Reached skill level 4 in Spellcasting
  2263 | D:3      | Identified the +0 robe of the Usurping Gods {*Corrode Str+3
                  | Dex+3}
  2699 | D:4      | Reached XP level 6. HP: 31/40 MP: 0/0
  2753 | D:4      | Noticed Natasha
  2769 | D:4      | Killed Natasha
  2783 | D:4      | Reached skill level 5 in Spellcasting
  2861 | D:4      | Killed Natasha
  2862 | D:4      | Reached XP level 7. HP: 16/45 MP: 0/0
  2862 | D:4      | Learned a level 3 spell: Summon Guardian Golem
  2872 | D:4      | Noticed Natasha
  2874 | D:4      | Killed Natasha
  3273 | D:4      | Noticed Grinder
  3281 | D:4      | Killed Grinder
  3282 | D:4      | Reached skill level 6 in Spellcasting
  3285 | D:4      | Reached skill level 1 in Fighting
  3287 | D:4      | Reached XP level 8. HP: 35/52 MP: 0/0
  3295 | D:4      | Reached skill level 1 in Armour
  3890 | D:5      | Entered Level 5 of the Dungeon
  4023 | D:5      | Reached skill level 7 in Spellcasting
  4396 | D:5      | Reached XP level 9. HP: 56/58 MP: 0/0
  4396 | D:5      | Learned a level 4 spell: Iskenderun's Mystic Blast
  4625 | D:5      | Found a staircase to the Ecumenical Temple.
  4634 | Temple   | Entered the Ecumenical Temple
  4649 | Temple   | Became a worshipper of Makhleb the Destroyer
  5598 | D:6      | Found a stormy altar of Qazlal.
  5627 | D:6      | Found a snail-covered altar of Cheibriados.
  5653 | D:6      | Found an ornate altar of the Wu Jian Council.
  5927 | D:5      | Found a glowing silver altar of Zin.
  5963 | D:7      | Reached skill level 8 in Spellcasting
  5963 | D:7      | Reached skill level 1 in Invocations
  6039 | D:7      | Found a broken altar of Ashenzari.
  6098 | D:7      | Found a shadowy altar of Dithmenos.
  6418 | D:7      | Reached * piety under Makhleb
  7067 | D:7      | Reached XP level 10. HP: 59/66 MP: 0/0
  7129 | D:8      | Found a sparkling altar of Nemelex Xobeh.
  7139 | D:8      | Reached skill level 9 in Spellcasting
  7141 | D:8      | Noticed Joseph
  7142 | D:8      | Noticed a cyclops
  7149 | D:8      | Killed Joseph
  7158 | D:8      | Hit by a large rock thrown by a cyclops

Illustrated notes

Levels and vault maps discovered:
D:1:      dpeg_arrival_rooms_b, layout_basic, roderic_serpentine_path,
          nrook_campfire, chequers_serial_rivers_room_a
D:2:      layout_loops_ring, uniq_robin
D:3:      layout_basic, uniq_terence
D:4:      layout_cave_pools, serial_undead, serial_undead_e, serial_undead_d,
          serial_undead_b, serial_undead_a, minmay_ruined_shrine, uniq_natasha,
          uniq_grinder
D:5:      layout_gridville, nicolae_overflow_hidden_temple, temple_hall
D:6:      layout_loops_cross, nicolae_qazlal_eye_of_the_storm,
          lemuel_crystal_altar, nzn_wu_jian_council_hall
D:7:      layout_loops_cross, mainiacjoe_overflow_chevrons,
          grunt_dithmenos_smoke_and_mirrors
D:8:      layout_rooms, kiku_gazebo_garden_becter,
          nemelex_xobeh_ov_fountains_minmay, minmay_misc_feat_cross,
          uniq_gastronok, uniq_maggie, uniq_joseph, uniq_psyche
Temple:   nicolae_temple_hex_pool

Skill      XL: |  1  2  3  4  5  6  7  8  9 10 |
---------------+-------------------------------+-----
Spellcasting   | 3 4 5 6 7 8 9 |  9.3
Stealth        | 2 3 4 |  4.0
Dodging        | 3 4 |  4.8
Fighting       | 1 2 3 |  3.2
Armour         | 1 3 |  3.4
Invocations    | 1 2 |  2.3

Action                     |  1- 3 |  4- 6 |  7- 9 | 10-12 || total
---------------------------+-------+-------+-------+-------++-------
  Melee: Unarmed           |     8 |     1 |       |       ||     9
         Dagger            |       |       |     1 |       ||     1
   Cast: Foxfire           |    43 |    71 |   135 |     9 ||   258
         Scorch            |     1 |    30 |    75 |     1 ||   107
         Inner Flame       |       |     1 |     5 |     3 ||     9
         Summon Guardian G |       |       |    17 |     1 ||    18
         Flame Wave        |       |       |     5 |     1 ||     6
         Iskenderun's Myst |       |       |     2 |       ||     2
    Use: Potion            |       |     3 |       |       ||     3
         Scroll            |       |       |     8 |       ||     8
 Armour: Robe              |     5 |       |       |       ||     5
         Animal skin       |       |     7 |     2 |       ||     9
  Dodge: Dodged            |    12 |     1 |    14 |     2 ||    29
